 Dungeon Crawl Stone Soup version 0.29.1-1-gd02db6906a (webtiles) character file.

Game seed: 12914532496453172947

28331 sankara the Basher (level 13, -1/127 HPs)
             Began as a Troll Gladiator on Oct 16, 2022.
             Was a High Priest of Okawaru.
             Succumbed to barbed spike wounds
             ... on level 4 of the Lair of Beasts.
             The game lasted 00:40:13 (12562 turns).

sankara the Basher (Troll Gladiator)               Turns: 12562, Time: 00:40:14

Health: -1/127     AC:  0    Str: 25    XL:     13   Next: 9%
Magic:  15/15      EV: 19    Int:  8    God:    Okawaru [*****.]
Gold:   1622       SH:  0    Dex: 11    Spells: 12/12 levels left

rFire   . . .      SeeInvis .   (weapon currently unavailable)
rCold   . . .      Faith    .   (shield currently unavailable)
rNeg    . . .      Spirit   .   (body armour currently unavailable)
rPois   .          Reflect  .   (helmet currently unavailable)
rElec   .          Harm     .   (cloak currently unavailable)
rCorr   .          Rampage  .   (gloves unavailable)
Will    .....                   (boots unavailable)
Stlth   +.........              L - amulet of regeneration
HPRegen 1.91/turn               (ring currently unavailable)
MPRegen 0.14/turn               (ring currently unavailable)

@: pig-form, spiked, studying Dodging, very quick
A: fast, no casting, small, unfitting armour, (claws 3), regeneration 1, (shaggy
fur 1), (tough skin 1)
a: Renounce Religion, Heroism, Finesse, Duel


You were on level 4 of the Lair of Beasts.
You worshipped Okawaru.
Okawaru was extremely pleased with you.
You were a filthy swine.
You visited 3 branches of the dungeon, and saw 15 of its levels.

You collected 1758 gold pieces.
You spent 136 gold pieces at shops.

Inventory:

Hand Weapons
 a - a +2 eveningstar of flaming (melded)
 E - a +3 whip of freezing
 M - the +6 giant club "Idedod" {vorpal, Fragile rF++ rN+ Will+++}
   (Okawaru gifted it to you on level 3 of the Lair of Beasts)

   It inflicts extra damage upon your enemies.
   rF:        It greatly protects you from fire.
   rN:        It protects you from negative energy.
   Fragile:   It will be destroyed if unequipped.
   Will:      It greatly increases your willpower.
 W - the +3 morningstar of Outrage {holy, rPois rF++}
   (You found it on level 10 of the Dungeon)

   It has been blessed by the Shining One to cause great damage to the undead
   and demons.
   rF:        It greatly protects you from fire.
   rPois:     It protects you from poison.
Missiles
 d - 7 throwing nets
 e - 3 large rocks
 j - 9 boomerangs (quivered)
 x - 133 stones
 D - 17 poisoned darts
 T - 9 javelins
 X - 2 silver javelins
Armour
 g - a scarf of repulsion
 h - +4 ice dragon scales (melded)
 A - +0 acid dragon scales
 O - +2 swamp dragon scales
 R - the +1 cloak of Cooheso (melded) {Slay+6}
   (You found it on level 9 of the Dungeon)

   Slay:      It affects your accuracy & damage with ranged weapons and melee
   (+6).
 Z - a +0 hat of stealth (melded)
Jewellery
 f - a +4 ring of protection (melded)
 r - a ring of fire (melded)
 y - a +4 ring of evasion
 B - a +6 ring of intelligence
 L - an amulet of regeneration (around neck)
 U - a ring of wizardry
 Y - a ring of see invisible
Wands
 c - a wand of mindburst (7)
 n - a wand of iceblast (8)
 C - a wand of digging (8)
 N - a wand of flame (26)
 Q - a wand of paralysis (11)
Scrolls
 b - 4 scrolls of magic mapping
 k - a scroll of fog
 m - a scroll of summoning
 v - a scroll of silence
 F - 10 scrolls of teleportation
 G - a scroll of fear {unknown}
 H - a scroll of amnesia
 J - 2 scrolls of blinking
 P - a scroll of noise {unknown}
Potions
 i - 2 potions of cancellation
 l - 2 potions of lignification
 o - a potion of ambrosia
 p - 3 potions of haste
 q - 5 potions of mutation
 s - 2 potions of curing
 t - a potion of attraction
 u - 3 potions of might
 w - 2 potions of invisibility
 z - 2 potions of heal wounds
 I - 4 potions of flight
 K - a potion of resistance
 S - a potion of magic {unknown}
 V - a potion of brilliance {unknown}


   Skills:
 + Level 7.6 Fighting
 - Level 12.0 Maces & Flails
 + Level 8.3 Throwing
 + Level 7.4 Armour
 + Level 11.5 Dodging
 + Level 4.4 Invocations


You had 12 spell levels left.
You didn't know any spells.
Your spell library contained the following spells:

 Spells                   Type           Power      Damage    Failure   Level
 Magic Dart               Conj           0%         1d3       41%         1
 Blink                    Tloc           0%         N/A       54%         2
 Static Discharge         Conj/Air       0%         3-3/arc   54%         2
 Lesser Beckoning         Tloc           0%         N/A       78%         3
 Mephitic Cloud           Conj/Pois/Air  0%         N/A       78%         3
 Olgreb's Toxic Radiance  Pois           0%         N/A       99%         4
 Lightning Bolt           Conj/Air       0%         1d11      100%        5
 Manifold Assault         Tloc           0%         N/A       100%        5
 Ozocubu's Refrigeration  Ice            0%         4d7       100%        7
 Ignition                 Fire           0%         3d3       100%        8
 Maxwell's Capacitive Co  Air            0%         ∞         100%        8
 Call Imp                 Summ           Unusable   N/A       N/A         2

Dungeon Overview and Level Annotations

Branches:
Dungeon (10/15)            Temple (1/1) D:6            Lair (4/5) D:10
 Shoals (0/4) Lair:3        Snake (0/4) Lair:3          Orc (0/2) D:9
  Slime: Lair:4-5

Altars:
Ashenzari
Cheibriados
Dithmenos
Elyvilon
Fedhas
Gozag
Hepliaklqana
Kikubaaqudgha
Makhleb
Nemelex Xobeh
Okawaru
Qazlal
Ru
Sif Muna
Trog
Uskayaw
Vehumet
Wu Jian
Xom
Yredelemnul
Zin
The Shining One

Shops:
D:4 ?

Annotations:
D:3 1 runed translucent door, Crazy Yiuf
Lair:2 1 runed translucent door, Wuvuatt's ghost, journeyman MiBe
Lair:4 Kirke


Innate Abilities, Weirdness & Mutations

You are a filthy swine.
You move quickly.
Your equipment is almost entirely melded.
You are incapable of wielding weapons or throwing items.
You cannot cast spells.
You are too large for most types of armour.
((You have claws for hands.))
Your natural rate of healing is unusually fast.
((You are covered in fur. (AC +1)))
((You have tough skin. (AC +1)))


Message History

The manticore flicks its tail.
The volley of spikes hits you!
The barbed spikes become lodged in your body.
Kirke mumbles some strange words.
Kirke summons a manticore!
The manticore flicks its tail.
The volley of spikes hits you!
The barbed spikes become lodged in your body.
* * * LOW HITPOINT WARNING * * *
The manticore flicks its tail.
The volley of spikes hits you!
The barbed spikes become lodged in your body.
* * * LOW HITPOINT WARNING * * *
You feel like a meek peon again.
Kirke gestures wildly while chanting.
Kirke flickers and vanishes!
Deactivating autopickup; reactivate with Ctrl-A.
The manticore flicks its tail.
The volley of spikes hits you!
The barbed spikes become lodged in your body.
* * * LOW HITPOINT WARNING * * *
The manticore bites you!
* * * LOW HITPOINT WARNING * * *
The manticore claws you!
* * * LOW HITPOINT WARNING * * *
The manticore claws you.
* * * LOW HITPOINT WARNING * * *
The manticore flicks its tail.
The volley of spikes hits something!
The manticore barely misses you. The manticore claws you.
* * * LOW HITPOINT WARNING * * *
The manticore claws you!
* * * LOW HITPOINT WARNING * * *
You turn to flesh and can move again.
Unknown command.
The barbs in your skin will harm you if you move.
Continue?
Something hits you.
* * * LOW HITPOINT WARNING * * *
The barbed spikes dig painfully into your body as you move.
You die...

......PP... #.#...P....
##..~~~..... #...≈≈~~.... ##
## #..~~≈≈~≈... ##.##.
##..≈≈~≈≈≈≈..
......###.....~~≈≈≈....#....
P~..........hH≈≈≈≈≈.....PP...
~P...........≈≈≈≈≈~..........
~P..P.......H~≈≈≈~~..........
~~............≈l~~...........
~P.............~.............
........#....................
~....................@.......
~~...................H.††....
P.....................l......


You could see 2 manticores and a basilisk.

Vanquished Creatures
  Harold (Lair:2)
  3 hydras
  A two-headed ogre (D:9)
  Pikel (D:5)
  11 elephants (Lair:3)
  A merfolk siren (Lair:3)
  6 cane toads
  Maggie (D:6)
  10 komodo dragons
  A polar bear (Lair:3)
  5 blink frogs (Lair:2)
  Sigmund (D:6)
  2 shadows (D:10)
  A wraith (D:9)
  24 yaks
  5 wyverns
  4 basilisks (Lair:2)
  3 hogs (Lair:4)
  A steam dragon (D:9)
  2 acid dragons
  19 water moccasins
  Duvessa (D:6)
  9 orc warriors
  5 black bears
  2 sky beasts
  An ogre (D:5)
  17 wolves
  7 centaurs
  4 lemures (D:5)
  4 phantoms
  11 bullfrogs
  A kobold brigand (D:10)
  3 gnoll sergeants
  5 scorpions
  5 wights (D:8)
  Dowan (D:6)
  7 killer bees (D:9)
  A howler monkey (D:6)
  An electric eel (Lair:4)
  9 orc priests
  4 jellies
  3 hounds
  A gnoll bouda (D:4)
  3 iguanas
  Natasha (twice) (D:2)
  15 orc wizards
  2 hell rats (Lair:1)
  4 gnolls
  5 adders
  10 river rats (Lair:1)
  2 shadow imps
  2 white imps
  An ufetubus (D:6)
  4 worms
  A dart slug (D:1)
  46 orcs
  12 ball pythons
  2 bats (D:2)
  3 endoplasms
  3 giant cockroaches
  4 goblins
  7 hobgoblins
  10 jackals
  A quokka (D:4)
  A frilled lizard (D:1)
  12 kobolds
  7 rats
364 creatures vanquished.

Vanquished Creatures (others)
  An iguana (D:4)
  A giant cockroach (D:4)
  A goblin (D:4)
  3 bushes (Lair:1)
  25 fungi
  82 plants
113 creatures vanquished.

Grand Total: 477 creatures vanquished

Notes
Turn   | Place    | Note
-------+----------+-------------------------------------------
     0 | D:1      | sankara the Troll Gladiator began the quest for the Orb.
     0 | D:1      | Reached XP level 1. HP: 19/19 MP: 0/0
    58 | D:1      | Found a faded altar of an unknown god.
   218 | D:1      | Reached XP level 2. HP: 27/28 MP: 1/1
   234 | D:1      | Reached skill level 3 in Maces & Flails
  1007 | D:2      | Noticed Natasha
  1016 | D:2      | Killed Natasha
  1017 | D:2      | Reached XP level 3. HP: 30/35 MP: 2/2
  1221 | D:2      | Noticed Natasha
  1233 | D:2      | Killed Natasha
  1234 | D:2      | Reached skill level 1 in Armour
  1234 | D:2      | Reached XP level 4. HP: 40/42 MP: 3/3
  1587 | D:3      | Found a sacrificial altar of Ru.
  1643 | D:3      | Became a worshipper of Ru the Awakened
  1725 | D:3      | Found a runed translucent door.
  1726 | D:3      | Noticed Crazy Yiuf
  1772 | D:3      | Found a glowing golden altar of the Shining One.
  2036 | D:3      | Reached XP level 5. HP: 30/49 MP: 4/4
  2076 | D:3      | Found a shimmering blue altar of Sif Muna.
  2420 | D:4      | Noticed a phantom
  2433 | D:4      | Killed a phantom
  2434 | D:4      | Reached skill level 4 in Maces & Flails
  2460 | D:4      | Noticed a phantom
  2507 | D:4      | Killed a phantom
  2508 | D:4      | Reached XP level 6. HP: 53/59 MP: 5/5
  2588 | D:4      | Found a shimmering altar of Xom.
  2775 | D:4      | Found a stormy altar of Qazlal.
  2878 | D:4      | Found Iles's Magic Scroll Boutique.
  3018 | D:4      | Bought a scroll of enchant armour for 97 gold pieces
  3020 | D:4      | Bought a scroll of teleportation for 39 gold pieces
  3375 | D:4      | Reached skill level 5 in Maces & Flails
  3375 | D:4      | Reached XP level 7. HP: 51/67 MP: 6/6
  3633 | D:5      | Entered Level 5 of the Dungeon
  3736 | D:5      | Noticed Pikel
  4186 | D:5      | Killed Pikel
  4187 | D:5      | Reached skill level 6 in Maces & Flails
  4187 | D:5      | Reached XP level 8. HP: 64/78 MP: 7/7
  4555 | D:6      | Noticed Sigmund
  4582 | D:6      | Found a hide-covered altar of Uskayaw.
  4851 | D:6      | Killed Sigmund
  4852 | D:6      | Reached skill level 7 in Maces & Flails
  4894 | D:6      | Noticed Dowan
  4894 | D:6      | Noticed Duvessa
  4904 | D:6      | Killed Duvessa
  4920 | D:6      | Killed Dowan
  4946 | D:6      | Reached XP level 9. HP: 85/85 MP: 8/8
  4997 | D:6      | Reached skill level 5 in Throwing
  5020 | D:6      | Found a shadowy altar of Dithmenos.
  5137 | D:6      | Found a white marble altar of Elyvilon.
  5176 | D:6      | Noticed Maggie
  5196 | D:6      | Killed Maggie
  5355 | D:6      | Found a staircase to the Ecumenical Temple.
  5399 | Temple   | Entered the Ecumenical Temple
  5580 | Temple   | Fell from the grace of Ru
  5580 | Temple   | Became a worshipper of Warmaster Okawaru
  5814 | D:7      | Identified 3 scrolls of acquirement
  5814 | D:7      | Acquired a +2 eveningstar of draining
  6049 | D:7      | Acquired 934 gold pieces
  6051 | D:7      | Acquired a manual of Dodging
  6117 | D:7      | Reached skill level 8 in Maces & Flails
  6179 | D:7      | Found a glowing silver altar of Zin.
  6301 | D:7      | Reached skill level 5 in Fighting
  6546 | D:7      | Reached * piety under Okawaru
  6683 | D:7      | Reached skill level 5 in Armour
  6683 | D:7      | Reached skill level 5 in Dodging
  6687 | D:7      | Reached XP level 10. HP: 89/96 MP: 9/9
  6690 | D:7      | Reached ** piety under Okawaru
  7308 | D:9      | Reached skill level 9 in Maces & Flails
  7310 | D:9      | Identified the +1 cloak of Cooheso {Slay+6}
  7390 | D:9      | Noticed a two-headed ogre
  7397 | D:9      | Killed a two-headed ogre
  7397 | D:9      | Reached *** piety under Okawaru
  7449 | D:9      | Found a staircase to the Orcish Mines.
  7671 | D:9      | Reached **** piety under Okawaru
  7671 | D:9      | Received a gift from Okawaru
  7770 | D:9      | Reached XP level 11. HP: 105/105 MP: 10/10
  8700 | D:10     | Entered Level 10 of the Dungeon
  8741 | D:10     | Noticed a five-headed hydra
  8745 | D:10     | Killed a five-headed hydra
  8863 | D:10     | Reached skill level 10 in Maces & Flails
  8886 | D:10     | Found a staircase to the Lair.
  8896 | D:10     | Received a gift from Okawaru
  8925 | D:10     | Reached skill level 1 in Invocations
  9088 | D:10     | Reached ***** piety under Okawaru
  9103 | D:10     | Received a gift from Okawaru
  9272 | D:10     | Identified the +3 morningstar of Outrage {holy, rPois rF++}
  9499 | Lair:1   | Entered Level 1 of the Lair of Beasts
  9754 | Lair:1   | Received a gift from Okawaru
  9918 | Lair:1   | Received a gift from Okawaru
 10258 | Lair:1   | Reached skill level 10 in Dodging
 10258 | Lair:1   | Reached XP level 12. HP: 115/115 MP: 12/12
 10608 | Lair:2   | Reached skill level 11 in Maces & Flails
 10644 | Lair:2   | Noticed Harold
 10668 | Lair:2   | Killed Harold
 10966 | Lair:2   | Found a runed translucent door.
 10966 | Lair:2   | Noticed Wuvuatt's ghost (journeyman MiBe)
 11638 | Lair:3   | Identified the +6 giant club "Idedod" {vorpal, Fragile rF++
                  | rN+ Will+++} (Okawaru gifted it to you on level 3 of the
                  | Lair of Beasts)
 11638 | Lair:3   | Received a gift from Okawaru
 11745 | Lair:3   | Noticed a five-headed hydra
 11745 | Lair:3   | Noticed a five-headed hydra
 11756 | Lair:3   | Killed a five-headed hydra
 11758 | Lair:3   | Killed a five-headed hydra
 11805 | Lair:3   | Found a staircase to the Snake Pit.
 11976 | Lair:3   | Reached XP level 13. HP: 62/124 MP: 15/15
 12068 | Lair:3   | Found a staircase to the Shoals.
 12074 | Lair:3   | Reached ****** piety under Okawaru
 12074 | Lair:3   | Received a gift from Okawaru
 12281 | Lair:3   | Reached skill level 12 in Maces & Flails
 12523 | Lair:4   | Noticed Kirke
 12561 | Lair:4   | HP: 3/127 [something (6)]
 12562 | Lair:4   | Succumbed to barbed spike wounds

Illustrated notes

Levels and vault maps discovered:
D:1:      minmay_arrival_diagonal_passages, layout_loops_ring,
          ebering_ecumenical_altar_hall
D:2:      layout_loops_ring, uniq_natasha
D:3:      layout_basic, mainiacjoe_overflow_tiny_flanked,
          nicolae_tso_carved_into_rock, pf_just_have_faith,
          minmay_misc_feat_diagonals, st_stairs_7, grunt_ministairs_11,
          kennysheep_generic_room_10, uniq_crazy_yiuf_cottage
D:4:      minmay_recursive_quarters, layout_loops_corners,
          mainiacjoe_overflow_six_doors_small, xom_confusion_cloud,
          serial_shops, nicolae_inconvenience_store, corexii_hall_statues_s,
          kennysheep_generic_room_2
D:5:      black_bear_nest_2, layout_loops_cross, uniq_pikel
D:6:      layout_cave_pools, kennysheep_little_box, lemuel_doored_altar,
          nicolae_dithmenos_through_a_glass_darkly,
          minmay_temple_entry_nine_rooms, uniq_sigmund, uniq_duvessa,
          uniq_maggie
D:7:      layout_basic, mainiacjoe_overflow_24_doors, grunt_decor_cap,
          sigmund_army
D:8:      layout_gridville, hangedman_decor_clover_reticule
D:9:      layout_layer_cave, minmay_orc_entry_temple_small, onia_ninara_cookie
D:10:     layout_gridville, due_lair_maze_entry_diamond, minmay_misc_feat_iff
Temple:   nicolae_temple_bog_church
Lair:1:   layout_loops_ring, serial_forest, infiniplex_forest_end_2,
          infiniplex_forest_zigzag_1, infiniplex_forest_clump_small,
          infiniplex_forest_clump_medium, infiniplex_forest_lined_2,
          infiniplex_forest_side_room, infiniplex_forest_clump_cross,
          kennysheep_rathole
Lair:2:   layout_regular_city, gammafunk_ghost_grave, uniq_harold
Lair:3:   layout_layer_cave, minmay_shoals_entry_lonely_mermaid,
          minmay_snake_entry_six_corridors
Lair:4:   layout_hall_layers, lemuel_fruit_tree, serial_bayou_shore_a,
          infiniplex_staircase_pool, serial_bayou_shore_b, uniq_kirke

Skill      XL: |  1  2  3  4  5  6  7  8  9 10 11 12 13 |
---------------+----------------------------------------+-----
Maces & Flails | 3 4 5 6 7 8 9 10 11 12 | 12.0
Throwing       | 2 3 4 5 6 7 8 |  8.3
Fighting       | 2 3 4 5 6 7 |  7.6
Armour         | 1 2 3 4 5 6 7 |  7.4
Dodging        | 3 5 7 10 11 | 11.5
Invocations    | 2 4 |  4.4

Action                   |  1- 3 |  4- 6 |  7- 9 | 10-12 | 13-15 || total
-------------------------+-------+-------+-------+-------+-------++-------
Melee: Flail             |    97 |   225 |   309 |       |       ||   631
       Punch             |       |     1 |     6 |    13 |       ||    20
       Eveningstar       |       |       |   137 |   586 |    30 ||   753
       Unarmed           |       |       |       |       |     9 ||     9
Throw: Boomerang         |       |     7 |    24 |    15 |       ||    46
       Large rock        |       |       |       |     3 |       ||     3
Invok: Heroism           |       |       |       |     2 |     1 ||     3
Evoke: Wand              |       |       |    10 |       |       ||    10
  Use: Scroll            |       |     2 |    23 |     6 |     1 ||    32
Armor: Ice dragon scales |    51 |   113 |   284 |   445 |    14 ||   907
Dodge: Dodged            |    56 |   140 |   376 |   440 |    38 ||  1050
       Repelled          |       |       |     3 |     1 |       ||     4
